 Dungeon Sprint DCSS version 0.31.0-12-g77e489cdc1 (webtiles) character file.

Game seed: 9793189122599648230

493 Groucho the Geomancer (level 6, -3/28 HPs)
             Began as a Spriggan Earth Elementalist on Feb 25, 2024.
             Was a Priest of Sif Muna.
             Killed from afar by a lindwurm (29 damage)
             ... with a blast of flame
             ... in the Dungeon (Sprint VII: "The Pits").
             The game lasted 00:04:47 (2259 turns).

Groucho the Geomancer (Spriggan Earth Elementalist) Turns: 2259, Time: 00:04:47

Health: -3/28      AC:  2    Str:  4    XL:     6   Next: 92%
Magic:  12/18      EV: 17    Int: 18    God:    Sif Muna [***...]
Gold:   0          SH:  0    Dex: 16    Spells: 17/21 levels left

rFire   . . .        h - +2 dagger
rCold   . . .        (no shield)
rNeg    . . .        a - +0 robe
rPois   .            (helmet restricted)
rElec   .            (no cloak)
rCorr   .            (gloves unavailable)
SInv    +            (boots unavailable)
Will    +....        (no amulet)
Stlth   ++           (no ring)
HPRegen 0.24/turn    (no ring)
MPRegen 0.16/turn

%: no teleportation
@: very quick
A: very small, no large weapons, unfitting armour, see invisible, speed 3
a: Renounce Religion, Channel Magic, Forget Spell


You were in the Dungeon.
You worshipped Sif Muna.
Sif Muna was most pleased with you.
You visited 1 branch

Inventory:

Hand Weapons
 h - a +2 dagger (weapon)
Armour
 a - a +0 robe (worn)
Scrolls
 j - 2 scrolls of vulnerability
 k - 5 scrolls of amnesia
 l - a scroll of butterflies
Potions
 b - 2 potions of magic
 c - 2 potions of heal wounds
 d - 5 potions of curing
 f - 3 potions of berserk rage
 i - 2 potions of invisibility


   Skills:
 - Level 2.6 Dodging
 - Level 3.0 Stealth
 + Level 8.3 Spellcasting
 + Level 4.9 Conjurations
 * Level 9.0 Earth Magic
 + Level 2.8 Alchemy
 + Level 6.1 Invocations


You had 17 spell levels left.
You knew the following spells:

 Your Spells              Type           Power      Damage    Failure   Level
a - Sandblast             Erth           80%        2d17      1%          1
b - Stone Arrow           Conj/Erth      64%        3d11      1%          3

Your spell library contained the following spells:

 Spells                   Type           Power      Damage    Failure   Level
 Passwall                 Erth           40%        N/A       1%          3
 Brom's Barrelling Bould  Conj/Erth      32%        2d5       5%          4
 Petrify                  Alch/Erth      28%        N/A       9%          4


Dungeon Overview and Level Annotations

Branches:
Dungeon (1/1)

Altars:
Ashenzari
Cheibriados
Dithmenos
Elyvilon
Fedhas
Gozag
Hepliaklqana
Kikubaaqudgha
Makhleb
Nemelex Xobeh
Okawaru
Qazlal
Ru
Sif Muna
Trog
Uskayaw
Vehumet
Wu Jian
Xom
Yredelemnul
Zin
The Shining One
Jiyva
Lugonu


Innate Abilities, Weirdness & Mutations

You are very small and have problems with some larger weapons.
You are too small for most types of armour.
You have supernaturally acute eyesight. (SInv)
You cover ground extremely quickly. (Speed+++)


Message History

Sif Muna accepts your kill.
Unknown command.
There is an open door here.
You start resting.
Magic restored.
You start waiting.
You start waiting.
Done waiting.
You open the door.
A lindwurm comes into view.
The lindwurm roars!
Casting: Stone Arrow (safe; 1% risk of failure)
Confirm with . or Enter, or press ? or * to list all spells.
Aiming: Stone Arrow (safe; 1% risk of failure)
Press: ? - help, Shift-Dir - straight line, f - lindwurm
Aim: a lindwurm (88% to hit)
The stone arrow misses the lindwurm.
The lindwurm barely misses you. The lindwurm misses you.
The lindwurm claws you.
Unknown command.
Unknown command.
Casting: Stone Arrow (safe; 1% risk of failure)
Confirm with . or Enter, or press ? or * to list all spells.
Aiming: Stone Arrow (safe; 1% risk of failure)
Press: ? - help, Shift-Dir - straight line, f/p - lindwurm
Aim: a lindwurm (88% to hit)
The stone arrow hits the lindwurm!!
The lindwurm is moderately wounded.
The lindwurm breathes flames at you. The blast of flame hits you!!
Ouch! That really hurt!
* * * LOW HITPOINT WARNING * * *
Unknown command.
You feel much better. The lindwurm barely misses you.
The lindwurm claws you but does no damage.
The lindwurm closely misses you.
Okay, then.
The lindwurm breathes flames at you. The blast of flame hits you!!
Ouch! That really hurt!
You die...

#.#..'...#.##.......#
#.#..'...')##.......#
#.#..########...<...#
#.#..'[))).##.......#
#.#).#[))).##.......#
#)###########.......#
#.......# #########
#...#...# #...#.@.#
#.##.##.#+#
#...#...#.+
#...#..k#'#
#.......'รท#
###########


You could see a lindwurm (catching breath).

Vanquished Creatures
  A glass eye (D)
  An ogre (D)
  A weeping skull (D)
  2 scorpions (D)
  2 adders (D)
  3 orcs (D)
  An endoplasm (D)
  A quokka (D)
  A ball python zombie (D)
  2 rats (D)
15 creatures vanquished.

Notes
Turn   | Place    | Note
-------+----------+-------------------------------------------
     0 | D        | Groucho the Spriggan Earth Elementalist began the quest for
                  | the Orb.
     0 | D        | Reached XP level 1. HP: 9/9 MP: 5/5
    39 | D        | Found a glowing golden altar of the Shining One.
    39 | D        | Found a glowing silver altar of Zin.
    39 | D        | Found a basalt altar of Yredelemnul.
    39 | D        | Found a shimmering altar of Xom.
    39 | D        | Found an ornate altar of the Wu Jian Council.
    39 | D        | Found a bloodstained altar of Trog.
    39 | D        | Found a shimmering blue altar of Sif Muna.
    39 | D        | Found a sacrificial altar of Ru.
    39 | D        | Found a stormy altar of Qazlal.
    39 | D        | Found an iron altar of Okawaru.
    39 | D        | Found a sparkling altar of Nemelex Xobeh.
    39 | D        | Found a burning altar of Makhleb.
    39 | D        | Found a viscous altar of Jiyva.
    39 | D        | Found a hazy altar of Hepliaklqana.
    39 | D        | Found an opulent altar of Gozag.
    39 | D        | Found a blossoming altar of Fedhas.
    39 | D        | Found a white marble altar of Elyvilon.
    39 | D        | Found a shadowy altar of Dithmenos.
    39 | D        | Found a snail-covered altar of Cheibriados.
    40 | D        | Found a radiant altar of Vehumet.
    40 | D        | Found a corrupted altar of Lugonu.
    41 | D        | Found an ancient bone altar of Kikubaaqudgha.
    41 | D        | Found a hide-covered altar of Uskayaw.
    41 | D        | Found a broken altar of Ashenzari.
    42 | D        | Became a worshipper of Sif Muna the Loreminder
    52 | D        | Noticed a scorpion
    59 | D        | Reached skill level 1 in Conjurations
    59 | D        | Reached skill level 3 in Earth Magic
   245 | D        | Reached * piety under Sif Muna
   455 | D        | Reached skill level 4 in Earth Magic
   455 | D        | Reached skill level 1 in Invocations
   455 | D        | Reached XP level 2. HP: 10/13 MP: 0/7
   625 | D        | Reached ** piety under Sif Muna
   897 | D        | Noticed an ogre
   898 | D        | Noticed a weeping skull
   898 | D        | Noticed a glass eye
   899 | D        | Noticed a scorpion
  1096 | D        | Killed a weeping skull
  1097 | D        | Reached skill level 5 in Spellcasting
  1097 | D        | Reached skill level 5 in Earth Magic
  1097 | D        | Reached XP level 3. HP: 6/16 MP: 1/10
  1097 | D        | Reached XP level 4. HP: 8/21 MP: 1/12
  1142 | D        | Learned a level 3 spell: Stone Arrow
  1361 | D        | Noticed a scorpion
  1367 | D        | Killed a scorpion
  1368 | D        | Reached skill level 6 in Earth Magic
  1368 | D        | Reached XP level 5. HP: 24/24 MP: 6/14
  1382 | D        | Reached skill level 7 in Earth Magic
  1583 | D        | Reached *** piety under Sif Muna
  1634 | D        | Killed an ogre
  1635 | D        | Reached skill level 8 in Earth Magic
  1635 | D        | Reached skill level 5 in Invocations
  1635 | D        | Reached XP level 6. HP: 28/28 MP: 6/17
  1856 | D        | Killed a glass eye
  1857 | D        | Reached skill level 9 in Earth Magic
  2252 | D        | Noticed a lindwurm
  2259 | D        | Killed from afar by a lindwurm

Illustrated notes

Levels and vault maps discovered:
D:        pitsprint [storerooms_1, entrance_room_1, metal_vault_4, armoury_3,
          mini_pit_1, grid_room_1, main_hall_1, silver_pit, the_coven_2,
          the_vestibule_1, steel_vault_2, golden_pit, hallway_of_sentries,
          crystal_vault_2, iron_vault_2, final_vault]

Skill      XL: |  1  2  3  4  5  6 |
---------------+-------------------+-----
Spellcasting   | 3 5 6 7 8 |  8.3
Conjurations   | 1 2 3 4 |  4.9
Earth Magic    | 4 5 6 8 9 |  9.0
Invocations    | 1 3 4 5 6 |  6.1
Alchemy        | 2 |  2.8
Dodging        | |  2.6
Stealth        | |  3.0

Action                     |  1- 3 |  4- 6 || total
---------------------------+-------+-------++-------
   Cast: Sandblast         |    48 |     3 ||    51
         Stone Arrow       |       |    14 ||    14
    Use: Potion            |     7 |     2 ||     9
         Scroll            |     1 |       ||     1
 Armour: Robe              |    12 |     6 ||    18
  Dodge: Dodged            |    27 |     7 ||    34
